 Dungeon Crawl Stone Soup version 0.17-a0-1863-g715b4b0 (webtiles) character file.

126 Goblin1989 the Sneak (level 5, -2/32 HPs)
             Began as a Kobold Assassin on Sept 20, 2015.
             Slain by an orc priest
             ... wielding a +0 flail
              (11 damage)
             ... on level 2 of the Dungeon.
             The game lasted 00:09:13 (2087 turns).

Goblin1989 the Sneak (Kobold Assassin)              Turns: 2087, Time: 00:09:13

Health: -2/32      AC:  4    Str:  9    XL:     5   Next: 32%
Magic:  5/5        EV: 14    Int:  9    God:
Gold:   143        SH:  0    Dex: 19    Spells: 0 memorised, 4 levels left

rFire  . . .     SeeInvis .     a - +2 dagger
rCold  . . .     Clarity  .     c - +0 robe
rNeg   . . .     SustAt   .     (shield restricted)
rPois  .         Gourm    .     (no helmet)
rElec  .         Spirit   .     d - +0 cloak
rCorr  .         Warding  .     (no gloves)
rMut   .         Stasis   .     s - +0 pair of boots
MR     .....                    (no amulet)
Stlth  ++++......               (no ring)
                                (no ring)

@: not resistant to hostile enchantments, stealthy
A: carnivore 3
a: no special abilities


You were on level 2 of the Dungeon.
You were very full.

You visited 1 branch of the dungeon, and saw 3 of its levels.

You collected 143 gold pieces.

Inventory:

Hand weapons
 a - a +2 dagger (weapon)
 b - a +0 blowgun
Missiles
 e - 4 poisoned needles
Armour
 c - a +0 robe (worn)
 d - a +0 cloak (worn)
 s - a +0 pair of boots (worn)
Jewellery
 l - a cursed ring of loudness {unknown}
Scrolls
 h - 3 scrolls of identify {unknown}
 i - 2 scrolls of enchant armour {unknown}
 j - a scroll of remove curse {unknown}
 k - 3 scrolls of magic mapping {unknown}
 m - a scroll of noise {unknown}
 n - 2 scrolls of enchant weapon {unknown}
 o - a scroll of recharging {unknown}
 q - a scroll of fog {unknown}
Potions
 p - 2 potions of brilliance {unknown}
 r - a potion of cancellation {unknown}
 t - a potion of curing {unknown}
 v - a potion of ambrosia {unknown}
 w - a potion of poison {unknown}
Comestibles
 g - 3 meat rations
 u - a chunk of flesh


   Skills:
 + Level 3.1 Fighting
 * Level 5.0 Short Blades
 - Level 2.6 Throwing
 - Level 1.2 Dodging
 + Level 6.6 Stealth


You had 4 spell levels left.
You didn't know any spells.

Dungeon Overview and Level Annotations

Branches:
Dungeon (3/15)

Altars:

Annotations:
D:3 Goblin1989's ghost, average KoAs


Innate Abilities, Weirdness & Mutations

You are small and have problems with some larger weapons.
You are carnivorous and can eat meat at any time.


Message History

The orc priest is heavily wounded.
The orc priest barely misses you.
You closely miss the orc priest.
The orc priest is heavily wounded.
The orc priest hits you with a flail.
* * * LOW HITPOINT WARNING * * *
You hit the orc priest.
The orc priest is severely wounded.
You hit the orc priest.
The orc priest is almost dead.
The orc priest looks braver for a moment.
You hit the orc priest.
The orc priest is almost dead.
You closely miss the orc priest.
The orc priest is almost dead.
The orc priest barely misses you.
You closely miss the orc priest.
The orc priest is almost dead.
The orc priest hits you with a flail!
You die...

.............#
........####.#
...........#.#
...........#.##
..............#
#####.........#
#.........#
#####.........####
..............ro@#
..###.........###########
#.# #.....).............#
#.# #...................#
#.# #......).........)..##
#.# #....................#
#.# #....................#
#.##########.............#
................########.#


You could see an orc priest and a rat.

Vanquished Creatures
  Ijyb (D:3)
  Terence (D:2)
  An orc wizard (D:3)
  2 adders (D:2)
  A worm (D:2)
  2 orcs
  4 bats
  A giant cockroach (D:2)
  6 hobgoblins
  A quokka (D:2)
  3 giant newts
  2 goblins
  4 kobolds
  7 rats
36 creatures vanquished.

Notes
Turn   | Place    | Note
--------------------------------------------------------------
     0 | D:1      | Goblin1989 the Kobold Assassin began the quest for the Orb.
     0 | D:1      | Reached XP level 1. HP: 12/12 MP: 1/1
   183 | D:1      | Reached XP level 2. HP: 17/17 MP: 2/2
   871 | D:2      | Noticed Terence
  1208 | D:2      | Reached XP level 3. HP: 18/22 MP: 3/3
  1293 | D:2      | Reached skill level 6 in Stealth
  1324 | D:2      | Killed Terence
  1324 | D:2      | Reached XP level 4. HP: 27/27 MP: 4/4
  1850 | D:3      | Noticed Ijyb
  1868 | D:3      | Killed Ijyb
  1868 | D:3      | Reached XP level 5. HP: 29/32 MP: 5/5
  2005 | D:3      | Noticed Goblin1989's ghost (average KoAs)
  2007 | D:3      | Reached skill level 5 in Short Blades
  2087 | D:2      | Slain by an orc priest

Vault maps used:
D:1:      minmay_arrival_split_and_join
D:2:      uniq_terence
D:3:      uniq_iyjb

Action                   |  1- 3 |  4- 6 || total
-------------------------+-------+-------++-------
Melee: Dagger            |    38 |    44 ||    82
 Fire: Blowgun           |    22 |    17 ||    39
 Stab: Sleeping          |    10 |     6 ||    16
       Distracted        |     1 |     2 ||     3
  Eat: Chunk             |     9 |     2 ||    11
